 Dungeon Crawl Stone Soup version 0.29-a0-824-gd827844252 (webtiles) character file.

Game seed: 13134961439778592922

228 Nato the Gusty (level 5, 0/42 HPs)
             Began as a Draconian Air Elementalist on Jan 11, 2022.
             Succumbed to a scorpion's poison
             ... on level 3 of the Dungeon on July 10, 2022.
             The game lasted 00:11:19 (12939 turns).

Nato the Gusty (Draconian Air Elementalist)        Turns: 12939, Time: 00:11:20

Health: 0/42       AC:  6    Str: 11    XL:     5   Next: 70%
Magic:  9/9        EV: 12    Int: 17    God:
Gold:   82         SH:  0    Dex: 11    Spells: 7/10 levels left

rFire   . . .      SeeInvis .   d - +0 dagger (venom)
rCold   . . .      Faith    .   (no shield)
rNeg    . . .      Spirit   .   (body armour unavailable)
rPois   .          Reflect  .   (helmet restricted)
rElec   .          Harm     .   (no cloak)
rCorr   .          Rampage  .   f - +0 pair of gloves
Will    .....                   (no boots)
Stlth   ++........              (no amulet)
HPRegen 0.14/turn               (no ring)
MPRegen 0.11/turn               (no ring)

@: lethally poisoned (0 -> -7)
A: AC +5, unfitting armour, cold-blooded
a: no special abilities


You were on level 3 of the Dungeon.
You visited 1 branch of the dungeon, and saw 4 of its levels.

You collected 82 gold pieces.

Inventory:

Hand Weapons
 d - a +0 dagger of venom (weapon)
Armour
 f - a +0 pair of gloves (worn)
Scrolls
 a - 3 scrolls of enchant weapon {unknown}
 b - a scroll of immolation {unknown}
 h - a scroll of vulnerability {unknown}
 i - a scroll of poison {unknown}
 j - a scroll of enchant armour {unknown}
Potions
 c - a potion of brilliance {unknown}
 e - 4 potions of curing {unknown}
 g - a potion of heal wounds {unknown}


   Skills:
 + Level 2.4 Fighting
 + Level 2.9 Dodging
 - Level 2.0 Stealth
 + Level 3.0 Spellcasting
 + Level 2.5 Conjurations
 + Level 3.8 Air Magic


You had 7 spell levels left.
You knew the following spells:

 Your Spells              Type           Power      Damage    Failure   Level
a - Shock                 Conj/Air       52%        1d6       4%          1
b - Static Discharge      Conj/Air       13%        3-5/arc   7%          2

Your spell library contained the following spells:

 Spells                   Type           Power      Damage    Failure   Level
 Swiftness                Air            15%        N/A       11%         3
 Airstrike                Air            7%         0-4+      34%         4
 Confusing Touch          Hex            2%         N/A       45%         3
 Yara's Violent Unravell  Hex/Tmut       1%         3d3       99%         5
 Enfeeble                 Hex            1%         N/A       100%        7


Dungeon Overview and Level Annotations

Branches:
Dungeon (4/15)
 Temple: D:4-7

Altars:
Fedhas
Qazlal

Annotations:
D:2 Natasha


Innate Abilities, Weirdness & Mutations

Your plain brown scales are hard. (AC +5)
You cannot fit into any form of body armour.
You are cold-blooded and may be slowed by cold attacks.


Message History

You feel very sick. The scorpion misses you.
You closely miss the scorpion.
The scorpion is moderately wounded.
You feel very sick. The scorpion closely misses you.
You hit the scorpion but do no damage.
The scorpion is moderately wounded.
You feel sick. The scorpion barely misses you.
The scorpion stings you but does no damage.
You closely miss the scorpion.
The scorpion is heavily wounded.
You feel sick. The scorpion stings you.
You are lethally poisoned!
The scorpion poisons you!
You are too injured to fight recklessly!
You are too injured to fight recklessly!
You are too injured to fight recklessly!
You are too injured to fight recklessly!
You feel very sick.
There is a stone staircase leading up here.
You can't go down here!
* * * LOW HITPOINT WARNING * * *
You feel very sick. The scorpion stings you.
* * * LOW HITPOINT WARNING * * *
You climb upwards.
* * * LOW HITPOINT WARNING * * *
You feel very sick.
There is a stone staircase leading down here.
You barely miss the scorpion.
You tail-slap the scorpion, but do no damage.
You punch the scorpion.
The scorpion is almost dead.
* * * LOW HITPOINT WARNING * * *
You feel very sick. The scorpion closely misses you.
You hit the scorpion but do no damage.
The scorpion looks even sicker.
The scorpion is almost dead.
You die...

###.#..# .......######
............. .......######
...........# ## ##.###..##.# #.
######..# #. # #....##
############### #. #
#.##.##.#...s@........# #. # #.
#.##.#.###########.# #. #
#.##...# #.#######. #.####.#
#......... # #.# #.# ##########
#.##.####.######### #
####..........##.....# #
...............#.....# #
........####[........############


You could see a scorpion (very poisoned).

Vanquished Creatures
  An orc priest (D:2)
  Jessica (D:2)
  Natasha (twice) (D:2)
  Robin (D:2)
  2 adders
  A worm (D:2)
  A dart slug (D:1)
  3 orcs
  5 ball pythons
  7 endoplasms
  2 giant cockroaches (D:1)
  11 goblins
  7 hobgoblins
  3 jackals (D:3)
  4 quokkas
  5 bats
  6 frilled lizards
  3 kobolds
  24 rats
89 creatures vanquished.

Notes
Turn   | Place    | Note
-------+----------+-------------------------------------------
     0 | D:1      | Nato the Draconian Air Elementalist began the quest for the
                  | Orb.
     0 | D:1      | Reached XP level 1. HP: 14/14 MP: 3/3
  1831 | D:1      | Reached XP level 2. HP: 22/22 MP: 5/5
  3305 | D:1      | Learned a level 2 spell: Static Discharge
  3567 | D:1      | You fall into a shaft and drop 1 floor!
  3567 | D:2      | Noticed Jessica
  3575 | D:2      | Killed Jessica
  3576 | D:2      | Reached skill level 1 in Fighting
  3576 | D:2      | Reached XP level 3. HP: 23/28 MP: 0/6
  7989 | D:2      | Reached XP level 4. HP: 35/35 MP: 5/7
  9345 | D:2      | Noticed Natasha
  9355 | D:2      | Killed Natasha
  9821 | D:2      | Noticed Robin
 10363 | D:2      | Killed Robin
 10544 | D:2      | Reached XP level 5. HP: 38/41 MP: 6/9
 10990 | D:1      | Glimpsed the power of Zot.
 11489 | D:2      | Glimpsed the power of Zot.
 11496 | D:2      | Found a blossoming altar of Fedhas.
 11651 | D:2      | Upgraded the game from 0.28-a0-1447-ga5a8893891 to
                  | 0.29-a0-824-gd827844252
 12083 | D:2      | Noticed Natasha
 12302 | D:2      | Killed Natasha
 12487 | D:2      | Noticed Natasha
 12522 | D:3      | Found a stormy altar of Qazlal.
 12870 | D:3      | Found a faded altar of an unknown god.
 12938 | D:3      | HP: 1/42 [poisoned by a scorpion]
 12939 | D:3      | Succumbed to a scorpion's poison

Illustrated notes

Levels and vault maps discovered:
D:1:      nicolae_arrival_somewhat_less_tricky_arrival, layout_loops_ring
D:2:      layout_loops_ring, basic_altar, minmay_rat_hole, uniq_natasha,
          uniq_jessica, uniq_robin
D:3:      layout_loops_ring, mainiacjoe_overflow_concentric_impassable,
          chequers_ecumenical_altar_twisty, chequers_big_river, minmay_pentangle
D:4:      layout_loops_corners, grunt_temple_overflow_order_and_chaos_2,
          nicolae_ossuary_entry_monument, grunt_ministairs_8,
          minmay_misc_feat_encased

Skill      XL: |  1  2  3  4  5 |
---------------+----------------+-----
Dodging        | 2 |  2.9
Stealth        | 2 |  2.0
Fighting       | 1 2 |  2.4
Conjurations   | 2 |  2.5
Spellcasting   | 3 |  3.0
Air Magic      | |  3.8

Action                   |  1- 3 |  4- 6 || total
-------------------------+-------+-------++-------
Melee: Unarmed           |    21 |       ||    21
       Tailslap          |     3 |    12 ||    15
       Dagger            |    16 |   120 ||   136
       Punch             |     1 |     2 ||     3
 Cast: Shock             |    33 |     6 ||    39
       Static Discharge  |    15 |    15 ||    30
 Stab: Sleeping          |     1 |     4 ||     5
Armor: Skin              |     6 |    48 ||    54
Dodge: Dodged            |    33 |    82 ||   115

Table legend: (Time is in decaauts)
 A = Elapsed time spent in this place.
 B = Non-inter-level travel time spent in this place.
 C = Inter-level travel time spent in this place.
 D = Time resting spent in this place.
 E = Time spent auto-exploring this place.
 F = Levels seen in this place.
 G = Mean time per level.
                   A        B        C        D        E       F      G
               +--------+--------+--------+--------+--------+-----+--------+
         Total |  12956 |  12531 |    425 |  10642 |   1215 |   4 | 3239.0 |
       Dungeon |  12956 |  12531 |    425 |  10642 |   1215 |   4 | 3239.0 |
               +--------+--------+--------+--------+--------+-----+--------+

Top non-repeatable levels by time:
     D:1: 6455 daAuts
     D:2: 5825 daAuts
     D:3: 666 daAuts
     D:4: 8 daAuts
